[Event "Titled Tuesday Blitz August 1 Early 2023"]
[White "Manukyan, Sargis A."]
[Black "Han, Yichen"]
[WhiteFideId "13303970"]
[BlackFideId "1054430"]
[WhiteElo "2645"]
[BlackElo "2411"]
[Result "1-0"]
[Round "8"]
[TimeControl "180+1"]
[Date "2023.08.01"]
[WhiteClock "0:00:14"]
[BlackClock "0:00:03"]
[Board "58"]

1. d4 d5 2. c4 c6 3. Nc3 dxc4 4. a4 e5 5. e3 exd4 6. exd4 Bb4 7. Bxc4 Qe7+ 8. Ne2 Nf6 9. O-O O-O 10. Re1 Qd8 11. Qb3 Bd6 12. Ng3 Nbd7 13. a5 b5 14. Bd3 Re8 15. Bg5 h6 16. Bh4 Rxe1+ 17. Rxe1 Nf8 18. Nge4 Bxh2+ 19. Kh1 Qxd4 20. Nxf6+ gxf6 21. Ne4 Be5 22. Rd1 Be6 23. Qc2 Qa4 24. Qd2 Ng6 25. Nxf6+ Bxf6 26. Bxf6 Qf4 27. Qc3 b4 28. Qd4 Qxd4 29. Bxd4 Rd8 30. Bxa7 Bb3 31. Bb6 Rd7 32. Bc2 Rxd1+ 33. Bxd1 Bc4 34. Bc5 Ne5 35. b3 Ba6 36. Kg1 Nd3 37. Bd6 c5 38. Be2 c4 39. bxc4 Bxc4 40. Bxb4 Ba6 41. Bd2 Kg7 42. Bc3+ Kg6 43. f3 h5 44. g3 h4 45. gxh4 Kh5 46. Bf6 Kg6 47. Bg5 f6 48. Be3 Kh5 49. Bf2 f5 50. f4+ Kg6 51. h5+ Kh6 52. Bh4 Bc4 53. Bg5+ Kh7 54. Kf1 Ba6 55. Kg1 Bc4 56. Kh2 Ba6 57. Kg3 Bb5 58. Kf3 Bc6+ 59. Ke3 Nc5 60. Kd4 Nd7 61. a6 Be4 62. a7 Nb6 63. Bd3 Bxd3 64. Kxd3 Kg7 65. Kd4 Na8 66. h6+ Kg6 67. Kd5 Nc7+ 68. Kc6 Na8 69. Kb7 1-0


[Site "https://www.chess.com"]

[Event "Titled Tuesday Blitz August 1 Early 2023"]
[White "Gardezi, Arsal"]
[Black "Malek, Jan"]
[WhiteFideId "30949521"]
[BlackFideId "21864080"]
[WhiteElo "2306"]
[BlackElo "2642"]
[Result "0-1"]
[Round "8"]
[TimeControl "180+1"]
[Date "2023.08.01"]
[WhiteClock "0:02:03"]
[BlackClock "0:02:07"]
[Board "59"]

1. e4 c6 2. Nf3 d5 3. exd5 cxd5 4. d4 Nc6 5. Bd3 Bg4 6. c3 e6 7. Nbd2 Bd6 8. Nf1 Nf6 9. Ng3 Qc7 10. O-O h5 11. Bg5 h4 12. Ne2 h3 13. Ng3 hxg2 14. Kxg2 Bh3+ 15. Kg1 Bxf1 16. Qxf1 Ng4 17. c4 Nxh2 18. Nxh2 Bxg3 19. fxg3 Qxg3+ 20. Qg2 Qxd3 21. cxd5 Qxd4+ 22. Kh1 Qxd5 0-1


[Site "https://www.chess.com"]

[Event "Titled Tuesday Blitz August 1 Early 2023"]
[White "Dinosaurio_1975"]
[Black "Ashraf, Artin"]
[BlackFideId "22514805"]
[WhiteElo "2556"]
[BlackElo "2839"]
[Result "0-1"]
[Round "8"]
[TimeControl "180+1"]
[Date "2023.08.01"]
[WhiteClock "0:00:05"]
[BlackClock "0:00:18"]
[Board "60"]

1. e4 a6 2. d4 c6 3. f4 d5 4. e5 Bf5 5. Nf3 e6 6. h3 c5 7. c3 Nc6 8. Be3 cxd4 9. cxd4 Nge7 10. a3 Be4 11. Nc3 Nf5 12. Bf2 Bxf3 13. Qxf3 Nfxd4 14. Qd1 Qb6 15. Rb1 Bc5 16. Bd3 Nb3 17. Bxc5 Nxc5 18. Bc2 Nd7 19. Qd3 g6 20. h4 h5 21. b4 Rc8 22. Na4 Qa7 23. Rd1 Ne7 24. Nc3 Nf5 25. Ke2 Rc4 26. g3 O-O 27. Bb1 Rfc8 28. Na4 Re4+ 29. Kf1 Re3 30. Qd2 Nxg3+ 31. Kg2 Re2+ 32. Qxe2 Nxe2 33. Kf3 Nxf4 34. Kxf4 Qf2+ 35. Kg5 Qg3+ 36. Kh6 Nxe5 37. Rdf1 Kh8 38. Rhg1 Qe3+ 39. Rg5 Ng4# 0-1


[Site "https://www.chess.com"]

[Event "Titled Tuesday Blitz August 1 Early 2023"]
[White "Palczert, Matyas"]
[Black "Sychev, Klementy"]
[WhiteFideId "784958"]
[BlackFideId "4114060"]
[WhiteElo "2547"]
[BlackElo "2792"]
[Result "0-1"]
[Round "8"]
[TimeControl "180+1"]
[Date "2023.08.01"]
[WhiteClock "0:00:03"]
[BlackClock "0:00:11"]
[Board "61"]

1. b3 d5 2. Bb2 Nf6 3. e3 Bf5 4. c4 e6 5. Nf3 h6 6. Be2 Bd6 7. O-O O-O 8. d3 Bh7 9. Nbd2 Nbd7 10. Qc2 c6 11. Rfe1 e5 12. e4 d4 13. Bf1 Re8 14. a3 a5 15. g3 b5 16. Bg2 Rb8 17. Rf1 Bf8 18. h3 Qb6 19. Rab1 Qa6 20. Nh4 a4 21. b4 c5 22. cxb5 Rxb5 23. bxc5 Rxc5 24. Nc4 Nb6 25. Rbc1 Nxe4 26. Bxe4 Bxe4 27. dxe4 Qxc4 28. Qd1 Qb3 29. Qg4 Nc4 30. Ba1 Ne3 31. fxe3 Rxc1 32. Nf5 Rxf1+ 33. Kxf1 Qb1+ 34. Kf2 Qa2+ 35. Kf3 Qxa1 36. Nxh6+ Kh7 37. Qf5+ Kxh6 38. Kg4 Qd1+ 39. Kh4 Be7+ 0-1


[Site "https://www.chess.com"]

[Event "Titled Tuesday Blitz August 1 Early 2023"]
[White "Wagh Suyog"]
[Black "Andreev, Konstantin"]
[WhiteFideId "25071688"]
[BlackFideId "24239305"]
[WhiteElo "2768"]
[BlackElo "2546"]
[Result "1-0"]
[Round "8"]
[TimeControl "180+1"]
[Date "2023.08.01"]
[WhiteClock "0:02:25"]
[BlackClock "0:01:07"]
[Board "62"]

1. e4 c5 2. Nf3 e6 3. d4 cxd4 4. Nxd4 Nc6 5. Nc3 Qc7 6. Be2 a6 7. O-O Nf6 8. Be3 Be7 9. Nb3 O-O 10. a4 d6 11. a5 Bd7 12. f4 Rac8 13. Kh1 e5 14. f5 d5 15. Bb6 Qb8 16. Nxd5 Nxd5 17. exd5 Na7 18. c4 f6 19. Nd2 Rce8 20. Ne4 Nc8 21. Be3 Nd6 22. Nxd6 Bxd6 23. c5 Bc7 24. d6 Bd8 25. Bc4+ Kh8 26. Qh5 e4 27. Rf4 Re5 28. Qxh7+ 1-0


[Site "https://www.chess.com"]

[Event "Titled Tuesday Blitz August 1 Early 2023"]
[White "Kushko, Dmitriy"]
[Black "Remolar Gallen, Jose"]
[WhiteFideId "14162261"]
[BlackFideId "2215187"]
[WhiteElo "2760"]
[BlackElo "2545"]
[Result "1-0"]
[Round "8"]
[TimeControl "180+1"]
[Date "2023.08.01"]
[WhiteClock "0:00:03"]
[BlackClock "0:00:00"]
[Board "63"]

1. Nf3 Nf6 2. g3 g6 3. Bg2 Bg7 4. d4 O-O 5. O-O d6 6. a4 a5 7. Re1 Nc6 8. d5 Nb4 9. e4 e6 10. dxe6 Bxe6 11. Nd4 Bd7 12. c3 Nc6 13. Nb5 Re8 14. N1a3 Ne5 15. h3 Bc6 16. Nd4 Bd7 17. Kh2 Re7 18. b3 Be8 19. Bg5 h6 20. Bf4 Ned7 21. Qc2 Nc5 22. Rad1 Bd7 23. Ndb5 Qc8 24. Nc4 g5 25. Bc1 Bc6 26. f3 Nh5 27. Nd4 Qf8 28. Nf5 Re6 29. Be3 Rae8 30. Bd4 Bd7 31. Nce3 Bxd4 32. cxd4 Na6 33. Qc3 Ng7 34. Qxa5 Rg6 35. Nxg7 Qxg7 36. Qc3 h5 37. Nd5 c5 38. dxc5 Qxc3 39. Nxc3 Nxc5 40. Rb1 h4 41. Red1 hxg3+ 42. Kxg3 Be6 43. b4 Nd7 44. Rxd6 Ne5 45. Nb5 Rc8 46. Nd4 Rc3 47. Nxe6 fxe6 48. b5 Rf6 49. Rf1 Ra3 50. Rb6 Rxa4 51. Rxb7 Ra3 52. b6 Rf4 53. Rb8+ Kg7 54. Rc8 Rb3 55. Rc7+ Kf6 56. b7 Ng6 57. Rfc1 Nh4 58. R1c3 Rb2 59. Bf1 Rb4 60. Bc4 1-0


[Site "https://www.chess.com"]

[Event "Titled Tuesday Blitz August 1 Early 2023"]
[White "Hoang, Thi Bao Tram"]
[Black "Xu, Yi"]
[WhiteFideId "12401102"]
[BlackFideId "8605564"]
[WhiteElo "2543"]
[BlackElo "2734"]
[Result "1-0"]
[Round "8"]
[TimeControl "180+1"]
[Date "2023.08.01"]
[WhiteClock "0:01:44"]
[BlackClock "0:00:00"]
[Board "64"]

1. Nf3 d5 2. g3 g6 3. Bg2 Bg7 4. d4 Nf6 5. O-O O-O 6. c4 dxc4 7. Na3 c3 8. bxc3 c5 9. Nc4 Be6 10. Nce5 Nbd7 11. Ng5 Bd5 12. e4 Bc6 13. Nxc6 bxc6 14. e5 Nd5 15. Bxd5 cxd5 16. e6 Nf6 17. exf7+ Rxf7 18. Nxf7 Kxf7 19. Ba3 c4 20. Re1 e6 21. f3 h5 22. Qa4 Bh6 23. Rab1 Qc8 24. Re2 Nd7 25. Rbe1 Nb6 26. Qc2 Rb8 27. Rxe6 Qxe6 28. Rxe6 1-0


[Site "https://www.chess.com"]

[Event "Titled Tuesday Blitz August 1 Early 2023"]
[White "Csonka, Balazs"]
[Black "Perez, Maximiliano"]
[WhiteFideId "742910"]
[BlackFideId "117234"]
[WhiteElo "2713"]
[BlackElo "2541"]
[Result "0-1"]
[Round "8"]
[TimeControl "180+1"]
[Date "2023.08.01"]
[WhiteClock "0:00:03"]
[BlackClock "0:00:11"]
[Board "65"]

1. e4 c5 2. Nf3 Nc6 3. d4 cxd4 4. Nxd4 e5 5. Nb5 d6 6. a4 Be7 7. Bc4 Nf6 8. Nd2 O-O 9. O-O Be6 10. Bxe6 fxe6 11. c4 Rc8 12. b3 a6 13. Nc3 Qa5 14. Bb2 Nd4 15. Ne2 Nc6 16. Bc3 Qc5 17. Nc1 a5 18. Nd3 Qb6 19. c5 Qc7 20. cxd6 Bxd6 21. Qe2 Rfd8 22. Nc4 Bb4 23. Bb2 Nd4 24. Bxd4 exd4 25. f4 Qc6 26. Nxb4 axb4 27. e5 d3 28. Qe3 Ng4 29. Qg3 Qc5+ 30. Kh1 Nh6 31. Nd6 Rxd6 32. exd6 Nf5 33. Qf3 Qxd6 34. Qxb7 Rd8 35. Qf3 d2 36. Rad1 Qd4 37. Rf2 Qc3 38. g4 Ne3 39. Rdxd2 Rxd2 40. Rxd2 Qxd2 41. Qa8+ Kf7 42. Qb7+ Kf6 43. h4 Qe1+ 44. Kh2 Qf2+ 45. Kh1 Qf1+ 46. Kh2 Nxg4+ 47. Kg3 Qg1+ 48. Kh3 Nf2# 0-1


[Site "https://www.chess.com"]

[Event "Titled Tuesday Blitz August 1 Early 2023"]
[White "Golubev, Mikhail"]
[Black "Fiorito, Joaquin"]
[WhiteFideId "14100983"]
[BlackFideId "180173"]
[WhiteElo "2538"]
[BlackElo "2708"]
[Result "1/2-1/2"]
[Round "8"]
[TimeControl "180+1"]
[Date "2023.08.01"]
[WhiteClock "0:00:01"]
[BlackClock "0:00:04"]
[Board "66"]

1. e4 c5 2. Nf3 d6 3. d4 cxd4 4. Nxd4 Nf6 5. Nc3 a6 6. Bc4 e6 7. O-O b5 8. Bb3 Be7 9. Qf3 Bb7 10. Bxe6 fxe6 11. Nxe6 Qd7 12. Nxg7+ Kf8 13. Nf5 Rg8 14. Nd5 Bxd5 15. exd5 Rg6 16. Bh6+ Kg8 17. Rae1 Bd8 18. Re6 Ng4 19. Nxd6 Nxh6 20. Re8+ Qxe8 21. Nxe8 Nd7 22. Re1 Nf7 23. Qf5 Nf8 24. d6 Ba5 25. c3 Rd8 26. Qd5 Rg5 27. Qb3 Ng6 28. g3 Kf8 29. Nf6 Rxd6 30. Nxh7+ Kg7 31. Nxg5 Nxg5 32. Kg2 Bb6 33. Re2 Nf7 34. Qc2 Nfe5 35. h4 Nd3 36. Rd2 Ne1+ 37. Kf1 Nxc2 38. Rxd6 Bc5 39. Rd2 Na1 40. Rd1 Nc2 41. Rc1 Na3 42. bxa3 Bxa3 43. Rd1 a5 44. Rd5 Bb2 45. Rxb5 Bxc3 46. a4 Ne5 47. h5 Kh6 48. f4 Ng4 49. Kg2 Ne3+ 50. Kh3 Bb4 51. g4 Nc4 52. Kh4 Be1+ 53. Kh3 Bb4 54. Rd5 Nb6 55. Rb5 Nxa4 56. Rg5 Nc3 57. Rg6+ Kh7 58. g5 a4 59. Ra6 a3 60. Ra7+ Kh8 61. h6 Nd5 62. g6 Nxf4+ 63. Kg4 Nxg6 64. Kg5 Nf8 65. Ra8 Kh7 66. Ra7+ Kh8 67. Ra8 Kg8 68. Rb8 Kf7 69. Ra8 Be7+ 70. Kf5 Nh7 71. Ra7 Nf6 72. Ra8 Nh7 73. Ra7 Ke8 74. Ra8+ Kf7 1/2-1/2


[Site "https://www.chess.com"]

[Event "Titled Tuesday Blitz August 1 Early 2023"]
[White "nickVet"]
[Black "Fiorito, Francisco"]
[BlackFideId "180165"]
[WhiteElo "2705"]
[BlackElo "2536"]
[Result "1-0"]
[Round "8"]
[TimeControl "180+1"]
[Date "2023.08.01"]
[WhiteClock "0:00:32"]
[BlackClock "0:00:04"]
[Board "67"]

1. e4 e5 2. Nf3 Nf6 3. Nxe5 d6 4. Nf3 Nxe4 5. d4 d5 6. Bd3 Be7 7. O-O Nc6 8. Re1 Bg4 9. c3 Bf5 10. Qc2 O-O 11. Nfd2 Nxd2 12. Bxf5 Nxb1 13. Bxh7+ Kh8 14. Rxb1 g6 15. Bxg6 fxg6 16. Qxg6 Rf6 17. Qh5+ Kg7 18. Bg5 Rg6 19. Rxe7+ Nxe7 20. Re1 Rxg5 21. Qxg5+ Ng6 22. Qg4 Qf6 23. Re6 Qf7 24. h4 Rf8 25. f4 Re8 26. Rxe8 Qxe8 27. Kh2 Qe3 28. Qd7+ Kh6 29. g3 Qf2+ 30. Kh3 Qf1+ 31. Kg4 Qe2+ 32. Kf5 Nxh4+ 33. gxh4 Qe4+ 34. Kf6 Qxf4+ 35. Qf5 Qxh4+ 36. Kf7 c6 37. Qg6# 1-0


[Site "https://www.chess.com"]

[Event "Titled Tuesday Blitz August 1 Early 2023"]
[White "Toropov, Pavel"]
[Black "Zeynalli, Rashad"]
[WhiteFideId "24129178"]
[BlackFideId "13403320"]
[WhiteElo "2534"]
[BlackElo "2701"]
[Result "0-1"]
[Round "8"]
[TimeControl "180+1"]
[Date "2023.08.01"]
[WhiteClock "0:00:09"]
[BlackClock "0:00:09"]
[Board "68"]

1. e4 c6 2. d4 d5 3. exd5 cxd5 4. Bd3 Nc6 5. c3 Nf6 6. h3 e5 7. dxe5 Nxe5 8. Nf3 Nxd3+ 9. Qxd3 Bd6 10. O-O O-O 11. Be3 Bc7 12. Na3 a6 13. Nc2 Qd6 14. Rad1 Be6 15. Bd4 Ne4 16. Be5 Qe7 17. Bxc7 Qxc7 18. Ne3 Rad8 19. Qd4 Qf4 20. Qe5 Qxe5 21. Nxe5 d4 22. cxd4 Bxa2 23. d5 Rfe8 24. Nf3 Nf6 25. Rd4 Re4 26. Rxe4 Nxe4 27. Rd1 Nd6 28. Ra1 Bc4 29. Rc1 b5 30. Ne5 f6 31. Nc6 Re8 32. Ra1 Ra8 33. f3 Kf8 34. Kf2 g5 35. Ra3 f5 36. b3 f4 37. bxc4 fxe3+ 38. Rxe3 bxc4 39. Ra3 Kf7 40. Ke3 Kf6 41. Ra5 Re8+ 42. Kd4 Re2 43. Rxa6 Rxg2 44. Nd8 Ke7 45. Ne6 Rd2+ 46. Ke5 Nf7+ 47. Ke4 Nd6+ 48. Ke5 Nf7+ 49. Ke4 c3 50. Ra7+ Kf6 51. Nd4 Nd6+ 52. Ke3 Nc4+ 53. Ke4 c2 54. Nxc2 Rxc2 55. Kd3 Rc1 56. Ra6+ Kf5 57. Rc6 Ne5+ 58. Kd2 Nxc6 59. Kxc1 Ne5 60. Kd2 Nxf3+ 61. Ke3 Ne5 62. d6 Nd7 63. Kf3 h5 64. Kg3 Ke5 65. h4 g4 0-1


[Site "https://www.chess.com"]

[Event "Titled Tuesday Blitz August 1 Early 2023"]
[White "Morefield, Jason"]
[Black "Heinemann, Josefine"]
[WhiteFideId "30920825"]
[BlackFideId "12900460"]
[WhiteElo "2698"]
[BlackElo "2535"]
[Result "0-1"]
[Round "8"]
[TimeControl "180+1"]
[Date "2023.08.01"]
[WhiteClock "0:00:03"]
[BlackClock "0:00:37"]
[Board "69"]

1. e4 c5 2. Nf3 d6 3. d4 cxd4 4. Nxd4 Nf6 5. Nc3 a6 6. Be2 e6 7. f4 Nbd7 8. Be3 b5 9. Bf3 Bb7 10. a3 Qc7 11. Qe2 Be7 12. O-O-O Rc8 13. Kb1 Nb6 14. Ndxb5 axb5 15. Nxb5 Qd8 16. Nxd6+ Bxd6 17. Qb5+ Bc6 18. Qxb6 Qxb6 19. Bxb6 Bxa3 20. Bd4 Be7 21. Rhe1 O-O 22. g4 Rfd8 23. g5 Nd7 24. b3 Nc5 25. Kb2 f6 26. h4 Kf7 27. gxf6 Bxf6 28. c3 Bxd4 29. cxd4 Nd7 30. d5 exd5 31. exd5 Bb5 32. Bg4 Rb8 33. d6 Nf6 34. Be6+ Kf8 35. Re5 Bd7 36. Bc4 Rb6 37. Re7 Be8 38. Re6 Bf7 39. f5 Bxe6 40. fxe6 Rbxd6 41. Ra1 Nd5 42. Rf1+ Ke7 43. Rf7+ Kxe6 44. Rxg7 R8d7 45. Rg8 Ke5 46. Rg5+ Kd4 47. Rg4+ Ke3 48. Rg3+ Kf4 49. Rg5 Ne3 50. Bg8 Rd2+ 51. Kc3 Rc2+ 52. Kb4 Rb7+ 53. Ka3 Rc8 54. Ra5 Rxg8 0-1


[Site "https://www.chess.com"]

[Event "Titled Tuesday Blitz August 1 Early 2023"]
[White "only_strong_moves"]
[Black "Sreyas Payyappat"]
[BlackFideId "46674969"]
[WhiteElo "2695"]
[BlackElo "2530"]
[Result "1-0"]
[Round "8"]
[TimeControl "180+1"]
[Date "2023.08.01"]
[WhiteClock "0:00:38"]
[BlackClock "0:00:21"]
[Board "70"]

1. d4 Nf6 2. c4 c5 3. d5 e6 4. Nc3 exd5 5. cxd5 d6 6. Nf3 g6 7. Nd2 Bg7 8. e4 O-O 9. Be2 Re8 10. O-O Nbd7 11. Qc2 a6 12. a4 Rb8 13. a5 b5 14. axb6 Qxb6 15. Nc4 Qc7 16. Bf4 Ne5 17. Bxe5 dxe5 18. Rfd1 Nd7 19. d6 Qc6 20. Nd5 Kh8 21. Nc7 Rd8 22. Na5 Qb6 23. Qc4 Qxb2 24. Nc6 Nb6 25. Qa2 Na4 26. Qxa4 Bd7 27. Bg4 Bxg4 28. Nxd8 Bxd1 29. Qe8+ 1-0


[Site "https://www.chess.com"]

[Event "Titled Tuesday Blitz August 1 Early 2023"]
[White "Jaskolka, Tomasz"]
[Black "Schnaider, Ilan"]
[WhiteFideId "1170791"]
[BlackFideId "169013"]
[WhiteElo "2528"]
[BlackElo "2692"]
[Result "0-1"]
[Round "8"]
[TimeControl "180+1"]
[Date "2023.08.01"]
[WhiteClock "0:00:02"]
[BlackClock "0:00:15"]
[Board "71"]

1. e4 c5 2. Nf3 d6 3. Bb5+ Bd7 4. a4 Nf6 5. Nc3 g6 6. O-O Bg7 7. Re1 O-O 8. e5 dxe5 9. Nxe5 Bf5 10. d3 Nbd7 11. Nxd7 Nxd7 12. Bg5 Nf6 13. Qe2 h6 14. Bd2 Be6 15. Rad1 Bg4 16. f3 Be6 17. Be3 Nd5 18. Nxd5 Qxd5 19. Bc4 Qc6 20. Bxe6 Qxe6 21. Bxc5 Qc6 22. Bf2 Qxa4 23. Qxe7 Qxc2 24. Qxb7 Bxb2 25. Bxa7 Bc3 26. Rf1 Rfe8 27. Bf2 Ra2 28. Qc6 Re2 29. Rc1 Qxc1 30. Rxc1 Rxf2 31. Qc8+ Kh7 32. Qxc3 Rxg2+ 33. Kf1 Rgf2+ 34. Ke1 Rxh2 35. Rc2 Raxc2 36. Qf6 Rh1# 0-1


[Site "https://www.chess.com"]

[Event "Titled Tuesday Blitz August 1 Early 2023"]
[White "Goltseva, Ekaterina"]
[Black "Alamzhi21"]
[WhiteFideId "24173770"]
[WhiteElo "2527"]
[BlackElo "2685"]
[Result "1-0"]
[Round "8"]
[TimeControl "180+1"]
[Date "2023.08.01"]
[WhiteClock "0:00:07"]
[BlackClock "0:00:16"]
[Board "72"]

1. d4 Nf6 2. c4 c5 3. d5 e6 4. Nc3 exd5 5. cxd5 d6 6. e4 g6 7. Nge2 Bg7 8. Ng3 O-O 9. Be2 h5 10. Bg5 Re8 11. O-O a6 12. a4 Nbd7 13. Qd2 Qc7 14. f4 Nh7 15. Bh4 Bf6 16. Bxf6 Nhxf6 17. e5 dxe5 18. f5 Kh7 19. Nce4 Qd8 20. Nd6 Rf8 21. Bd3 e4 22. Ngxe4 Nxe4 23. Nxe4 Ne5 24. fxg6+ fxg6 25. Rxf8 Qxf8 26. Rf1 Qg7 27. Nf6+ Kh8 28. Ne8 Qe7 29. Qh6+ Kg8 30. Nf6+ Kf7 31. Qh7+ Kf8 32. Ng8+ Qf7 33. Rxf7+ Nxf7 34. Bxg6 Ne5 35. Nf6 Bg4 36. Qg8+ Ke7 37. Qg7+ Kd6 38. Nxg4 Nxg4 39. Bxh5 Ne3 40. Qh6+ Kxd5 41. Qxe3 Re8 42. Bf3+ Kd6 43. Qxe8 1-0


[Site "https://www.chess.com"]

[Event "Titled Tuesday Blitz August 1 Early 2023"]
[White "Santos Flores, Alberto"]
[Black "Itgelt, Khuyagtsogt"]
[WhiteFideId "3601234"]
[BlackFideId "4902912"]
[WhiteElo "2519"]
[BlackElo "2656"]
[Result "1-0"]
[Round "8"]
[TimeControl "180+1"]
[Date "2023.08.01"]
[WhiteClock "0:00:20"]
[BlackClock "0:00:00"]
[Board "73"]

1. e4 e6 2. d4 d5 3. Nc3 Bb4 4. e5 c5 5. a3 Bxc3+ 6. bxc3 Qa5 7. Bd2 Qa4 8. Nf3 b6 9. Qb1 Ba6 10. Qb3 Qxb3 11. cxb3 Bxf1 12. Kxf1 Ne7 13. Ke2 Nec6 14. b4 Nd7 15. a4 c4 16. Bc1 O-O-O 17. Ba3 f6 18. b5 Na5 19. Bd6 Nb7 20. Bb4 fxe5 21. Nxe5 Nxe5 22. dxe5 Na5 23. Bxa5 bxa5 24. Ke3 g5 25. h4 g4 26. f4 gxf3 27. gxf3 Rhg8 28. Rag1 Rdf8 29. f4 Kc7 30. Rg5 h6 31. Rgg1 Kb6 32. h5 Kc5 33. Rg6 Re8 34. Rhg1 Rxg6 35. Rxg6 d4+ 36. cxd4+ Kb4 37. d5 exd5 38. Kd4 Rf8 39. Rf6 1-0


[Site "https://www.chess.com"]

[Event "Titled Tuesday Blitz August 1 Early 2023"]
[White "Berezin, Viktor"]
[Black "benny_aizenberg"]
[WhiteFideId "14107872"]
[WhiteElo "2519"]
[BlackElo "2647"]
[Result "1-0"]
[Round "8"]
[TimeControl "180+1"]
[Date "2023.08.01"]
[WhiteClock "0:00:13"]
[BlackClock "0:00:05"]
[Board "74"]

1. d4 Nf6 2. Nf3 g6 3. g3 Bg7 4. Bg2 O-O 5. O-O d6 6. a4 a5 7. Nc3 c6 8. h3 Nbd7 9. e4 e5 10. Re1 Re8 11. Be3 Qc7 12. d5 Nb6 13. dxc6 Qxc6 14. Bxb6 Qxb6 15. Nb5 Rd8 16. Nd2 Be6 17. Qe2 Rac8 18. c3 Qc5 19. Rad1 d5 20. Nb3 Qb6 21. exd5 Nxd5 22. c4 Nb4 23. c5 Qa6 24. Rxd8+ Rxd8 25. Nd2 Rc8 26. Rc1 Na2 27. Rc2 Nb4 28. Rc3 e4 29. Nxe4 Bxc3 30. bxc3 Nd5 31. c4 Ne7 32. Nf6+ Kf8 33. Qb2 Rxc5 34. Nxh7+ Kg8 35. Nf6+ Kf8 36. Ne4 Rh5 37. Qd4 Qa8 38. Nc7 Qc8 39. Nxe6+ Qxe6 40. Nc5 Qe1+ 41. Kh2 Kg8 42. Ne4 Rf5 43. Qd8+ Kg7 44. Qxe7 Rxf2 45. Qe5+ f6 46. Qc7+ Kh6 47. Nxf2 Qxf2 48. Qf4+ Qxf4 49. gxf4 b6 50. Kg3 Kh5 51. Bf3+ Kh6 52. h4 Kg7 53. Kg4 Kf7 54. Bd5+ Ke7 55. h5 gxh5+ 56. Kxh5 Kd6 57. Kg6 Kc5 58. Kxf6 Kb4 59. Ke5 Kxa4 60. f5 Kb3 61. f6 a4 62. f7 a3 63. f8=Q a2 64. c5+ Kb4 65. Bxa2 bxc5 66. Kd5 Ka4 67. Qa8+ Kb4 68. Bc4 Kc3 69. Qa3+ Kd2 70. Qxc5 Kc1 71. Qe3+ Kb2 72. Qb3+ Kc1 73. Kd4 Kd2 74. Qb2+ Kd1 75. Ke3 Ke1 76. Qc1# 1-0


[Site "https://www.chess.com"]

[Event "Titled Tuesday Blitz August 1 Early 2023"]
[White "Erzhanov, Arman"]
[Black "Vantika Agrawal"]
[WhiteFideId "4138821"]
[BlackFideId "25050389"]
[WhiteElo "2509"]
[BlackElo "2643"]
[Result "1-0"]
[Round "8"]
[TimeControl "180+1"]
[Date "2023.08.01"]
[WhiteClock "0:00:04"]
[BlackClock "0:00:00"]
[Board "75"]

1. e4 c6 2. d4 d5 3. exd5 cxd5 4. Bd3 Nf6 5. h3 Nc6 6. c3 Qc7 7. Nf3 g6 8. O-O Bf5 9. Be2 Bg7 10. Be3 O-O 11. Nbd2 Rad8 12. Re1 Rfe8 13. Qc1 Ne4 14. Nxe4 dxe4 15. Bf4 Qb6 16. Nd2 Rc8 17. g4 Be6 18. Nxe4 Nxd4 19. Bd1 Bd5 20. Bh6 Bh8 21. Qd2 Bxe4 22. Rxe4 Nc6 23. Bb3 e6 24. Bg5 Na5 25. Ba4 Nc6 26. Rd1 Qa5 27. Bh4 b5 28. Bb3 Qb6 29. Qf4 Na5 30. Rd7 Rf8 31. Be7 Qc6 32. Rd6 Qc7 33. Bxf8 Rxf8 34. Qd2 Nb7 35. Rd7 Qb6 36. Rf4 Be5 37. Rf3 Nc5 38. Rd4 Bxd4 39. cxd4 Ne4 40. Qf4 Nd6 41. Qf6 a5 42. Bxe6 1-0


[Site "https://www.chess.com"]

[Event "Titled Tuesday Blitz August 1 Early 2023"]
[White "Molenda, Marcin"]
[Black "Arias, Juan Cruz"]
[WhiteFideId "1173065"]
[BlackFideId "118540"]
[WhiteElo "2509"]
[BlackElo "2640"]
[Result "1-0"]
[Round "8"]
[TimeControl "180+1"]
[Date "2023.08.01"]
[WhiteClock "0:00:04"]
[BlackClock "0:00:00"]
[Board "76"]

1. e4 e6 2. d3 d5 3. Nd2 Nf6 4. g3 Bc5 5. Bg2 dxe4 6. Nxe4 Nxe4 7. Bxe4 e5 8. Bg2 O-O 9. Ne2 Nc6 10. Nc3 Nd4 11. O-O c6 12. Ne4 Bb6 13. c3 Ne6 14. Qe2 Re8 15. Be3 Nc7 16. Bxb6 axb6 17. a3 Bf5 18. Rad1 Qe7 19. Nd2 Rad8 20. Nc4 b5 21. Ne3 Bg6 22. Rd2 Ne6 23. Rfd1 Nf4 24. Qf1 Nxd3 25. Rxd3 Bxd3 26. Rxd3 Rxd3 27. Qxd3 Rd8 28. Qe2 Qc5 29. h4 Qd6 30. Kh2 Qd2 31. Qf3 Qxb2 32. Ng4 Qxa3 33. Nxe5 Qe7 34. Qf4 Qf6 35. Qe3 Re8 36. Ng4 Qe6 37. Qf4 Qc4 38. Qg5 Qxc3 39. h5 Kf8 40. h6 gxh6 41. Qxh6+ Qg7 42. Qf4 Qg6 43. Ne3 Re6 44. Nf5 h5 45. Qb8+ Re8 46. Qf4 Kg8 47. Be4 Rxe4 48. Qxe4 Kh8 49. Qe5+ Kh7 50. Qf4 Qf6 51. Kg2 b4 52. Qe4 Qg6 53. Qe5 b3 54. Ne7 Qe6 55. Qxh5+ Kg7 56. Qg5+ Kf8 57. Nf5 Qe5 58. Qd8+ Qe8 59. Qd6+ Kg8 60. Qf6 Qe4+ 61. Kh3 Qh1+ 62. Kg4 1-0


[Site "https://www.chess.com"]

[Event "Titled Tuesday Blitz August 1 Early 2023"]
[White "Weishaeutel, Moritz"]
[Black "Dushyant Sharma"]
[WhiteFideId "12967300"]
[BlackFideId "25065130"]
[WhiteElo "2637"]
[BlackElo "2507"]
[Result "1-0"]
[Round "8"]
[TimeControl "180+1"]
[Date "2023.08.01"]
[WhiteClock "0:00:26"]
[BlackClock "0:00:11"]
[Board "77"]

1. e4 d5 2. exd5 Nf6 3. Nf3 Qxd5 4. Nc3 Qd8 5. d4 Bg4 6. h3 Bh5 7. g4 Bg6 8. Ne5 Nbd7 9. h4 Nxe5 10. h5 Bxc2 11. Qxc2 Qxd4 12. Bg2 O-O-O 13. Be3 Qxg4 14. Bh3 Nf3+ 15. Kf1 e6 16. Bxg4 Nxg4 17. Qe4 Nxe3+ 18. Qxe3 Nd4 19. Rd1 Bc5 20. Na4 b6 21. Nxc5 bxc5 22. Rc1 Rd5 23. Rxc5 Rxc5 24. Qxd4 Rd5 25. Qxg7 Rhd8 26. Qxf7 Kb7 27. Rh3 Rg5 28. Rb3+ Ka8 29. Qxc7 Rd1+ 30. Ke2 1-0


[Site "https://www.chess.com"]

[Event "Titled Tuesday Blitz August 1 Early 2023"]
[White "Przybylski, Wojciech"]
[Black "Ljukin, Sergei"]
[WhiteFideId "1117599"]
[BlackFideId "14102200"]
[WhiteElo "2630"]
[BlackElo "2505"]
[Result "1-0"]
[Round "8"]
[TimeControl "180+1"]
[Date "2023.08.01"]
[WhiteClock "0:01:16"]
[BlackClock "0:00:40"]
[Board "78"]

1. d4 d5 2. Nf3 Nf6 3. c4 c6 4. Nc3 dxc4 5. e4 b5 6. e5 Nd5 7. Be2 e6 8. O-O Bb7 9. a4 a6 10. Ng5 Be7 11. Nge4 O-O 12. Re1 Nd7 13. Bh5 f5 14. Nd6 Bxd6 15. exd6 N7f6 16. Rxe6 Bc8 17. Re5 b4 18. Nxd5 cxd5 19. Bf3 Qxd6 20. Bf4 Qd8 21. a5 Ne4 22. h3 Bb7 23. Qe1 c3 24. bxc3 bxc3 25. Rb1 Qc8 26. Re7 Rf7 27. Rbxb7 Qxb7 28. Rxb7 Rxb7 29. Bxe4 fxe4 30. Qxc3 Rb5 31. Qc7 Rf8 32. Bd6 Rf7 33. Qc8+ 1-0


[Site "https://www.chess.com"]

[Event "Titled Tuesday Blitz August 1 Early 2023"]
[White "Pham, Le Thao Nguyen"]
[Black "KrokerGuy"]
[WhiteFideId "12401226"]
[WhiteElo "2612"]
[BlackElo "2498"]
[Result "1-0"]
[Round "8"]
[TimeControl "180+1"]
[Date "2023.08.01"]
[WhiteClock "0:00:11"]
[BlackClock "0:00:00"]
[Board "79"]

1. d4 d5 2. c4 e6 3. Nf3 Nf6 4. Nc3 Bb4 5. Bg5 h6 6. Bxf6 Qxf6 7. Qa4+ Nc6 8. e3 O-O 9. a3 Bxc3+ 10. bxc3 dxc4 11. Bxc4 Bd7 12. Qc2 Na5 13. Be2 c5 14. O-O b6 15. Rfd1 Rfd8 16. Ne5 Rac8 17. Ba6 Rc7 18. Nxd7 Rdxd7 19. Qb2 e5 20. Bb5 Rd6 21. d5 e4 22. Qc2 c4 23. Qxe4 Qxc3 24. Rac1 Qxa3 25. Bxc4 Qa4 26. Bd3 Rxc1 27. Qh7+ Kf8 28. Rxc1 Rxd5 29. h3 Qb4 30. Bf5 Rd8 31. Qh8+ Ke7 32. Rc7+ 1-0


[Site "https://www.chess.com"]